 Dungeon Crawl Stone Soup version 0.31-a0-489-g282fc92437 (webtiles) character file.

Game seed: 15775187869952529626

7 Ethylacetat the Ruffian (level 2, 0/18 HPs)
             Began as an Octopode Shapeshifter on Aug 8, 2023.
             Frozen to death by an endoplasm (5 damage)
             ... on level 1 of the Dungeon.
             The game lasted 00:00:20 (18 turns).

Ethylacetat the Ruffian (Octopode Shapeshifter)       Turns: 18, Time: 00:00:21

Health: 0/18       AC:  1    Str: 14    XL:     2   Next: 4%
Magic:  2/2        EV: 13    Int: 10    God:
Gold:   0          SH:  0    Dex: 12    Spells: 1/1 levels left

rFire   . .          .
                       - Unarmed
rCold   . . .        (no shield)
rNeg    . . .        (helmet currently unavailable)
rPois   .            (no amulet)
rElec   .            (no ring)
rCorr   .            (no ring)
SInv    .            (no ring)
Will    .....        (no ring)
Stlth   ++           (no ring)
HPRegen 0.23/turn    (no ring)
MPRegen 0.08/turn    (no ring)
                     (no ring)

%: no passive effects
@: beast-form
A: beast (slay +2), almost no armour, amphibious, 8 rings, camouflage 1,
gelatinous body 1, (nimble swimmer 1), tentacles
a: Begin Untransformation


You were on level 1 of the Dungeon.
You were a hulking beast.
You visited 1 branch of the dungeon, and saw 1 of its levels.

Inventory:

Talismans
 b - a beast talisman (active)
Potions
 a - a potion of lignification


   Skills:
 + Level 1.2 Fighting
 - Level 2.0 Dodging
 + Level 3.1 Unarmed Combat
 + Level 0.4 Spellcasting
 + Level 3.1 Shapeshifting


You had one spell level left.
You didn't know any spells.
Your spell library was empty.

Dungeon Overview and Level Annotations

Branches:
Dungeon (1/15)

Altars:


Innate Abilities, Weirdness & Mutations

You are a hulking beast.
Your limbs bulge with bestial killing power. (Slay +2)
You cannot wear most types of armour.
You are amphibious.
You can wear up to eight rings at the same time.
Your skin changes colour to match your surroundings (Stealth+).
Your rubbery body absorbs attacks. (AC +1, EV +1)
((You are camouflaged when in or above water. (Stealth+)))
You have tentacles for arms and can constrict up to eight enemies at once.


Message History

You kill the jackal!
The giant cockroach waves its antennae.
The giant cockroach bites you.
You closely miss the giant cockroach. You grab the giant cockroach.
You constrict the giant cockroach, but do no damage.
The kobold throws a stone.
The stone hits you. The giant cockroach closely misses you.
You tentacle-slap the giant cockroach but do no damage.
You squeeze the giant cockroach.
You kill the giant cockroach!
The goblin hits you with a +0 dagger.
The kobold throws a stone.
The stone closely misses you.
You tentacle-slap the goblin. Your grab misses the goblin.
The goblin is severely wounded.
The goblin closely misses you.
An endoplasm comes into view.
You closely miss the goblin.
The endoplasm quivers.
You grab the goblin.
The goblin is severely wounded.
You constrict the goblin.
You kill the goblin!
The kobold throws a stone.
The stone hits you.
You have reached level 2!
You are too injured to fight recklessly!
You are too injured to fight recklessly!
You are too injured to fight recklessly!
The kobold barely misses you.
You see here a jackal corpse.
You tentacle-slap the kobold.
You kill the kobold!
Things that are here:
a +1 dagger of freezing; a stone The endoplasm freezes you.
You are frozen.
* * * LOW HITPOINT WARNING * * *
You tentacle-slap the endoplasm but do no damage.
The endoplasm freezes you.
You are frozen.
You die...

. #.. #.# # #...#
###.#.#.# #....
..#..$..#
#####...####.#......
.###...................
...................#
.##...........)hJ#
....≈≈≈≈≈≈≈.$†...#
#..≈≈.....≈≈?.)#.#
..≈≈.......≈≈..#.#
.≈≈....<.8..≈≈.#..
.≈..8........≈.####
.≈...........≈...
.≈≈.......♣.≈≈.###
..≈≈....8..≈≈...#


You could see an endoplasm.

Vanquished Creatures
  A giant cockroach (D:1)
  A goblin (D:1)
  3 jackals (D:1)
  A kobold (D:1)
6 creatures vanquished.

Notes
Turn   | Place    | Note
-------+----------+-------------------------------------------
     0 | D:1      | Ethylacetat the Octopode Shapeshifter began the quest for
                  | the Orb.
     0 | D:1      | Reached XP level 1. HP: 13/13 MP: 1/1
    14 | D:1      | Reached XP level 2. HP: 9/18 MP: 2/2
    18 | D:1      | Frozen to death by an endoplasm

Illustrated notes

Levels and vault maps discovered:
D:1:      moated_graveyard_arrival, layout_loops_cross, minmay_ruptured

Action                     || total
---------------------------++-------
  Melee: Unarmed           ||    10
         Constrict         ||     3
         Tentacles         ||     2
  Dodge: Dodged            ||     7

Table legend: (Time is in decaauts)
 A = Elapsed time spent in this place.
 B = Non-inter-level travel time spent in this place.
 C = Inter-level travel time spent in this place.
 D = Time resting spent in this place.
 E = Time spent auto-exploring this place.
 F = Levels seen in this place.
 G = Mean time per level.
                   A        B        C        D        E       F      G
               +--------+--------+--------+--------+--------+-----+--------+
         Total |     17 |     17 |      0 |      0 |      2 |   1 |   17.0 |
       Dungeon |     17 |     17 |      0 |      0 |      2 |   1 |   17.0 |
               +--------+--------+--------+--------+--------+-----+--------+

Top non-repeatable levels by time:
     D:1: 17 daAuts
